 Dungeon Crawl Stone Soup version 0.24.0-13-gcf9b3192b9 (webtiles) character file.

Game seed: 2166781451292557442, levelgen mode: deterministic

105348 Ge0ff the Whirler (level 16, -5/116 HPs)
             Began as a Halfling Air Elementalist on Nov 9, 2019.
             Was a High Priest of Okawaru.
             Killed from afar by a naga (7 damage)
             ... with an exploding inner flame
             ... hexed by the player character
             ... on level 1 of the Snake Pit.
             The game lasted 01:01:45 (32969 turns).

Ge0ff the Whirler (Halfling Air Elementalist)      Turns: 32969, Time: 01:01:45

Health: -5/116     AC: 36    Str: 19    XL:     16   Next: 95%
Magic:  23/24      EV: 17    Int: 22    God:    Okawaru [*****.]
Gold:   215        SH: 14    Dex: 17    Spells: 17/18 levels left

rFire    + + .     SeeInvis .   u - +0 short sword (drain)
rCold    . . .     Gourm    .   t - +1 shield {rN+}
rNeg     + . .     Faith    .   l - +9 plate armour of the Swamp {*Drain rF++ Regen+ Int+4}
rPois    .         Spirit   .   G - +2 hat {MR+}
rElec    .         Reflect  .   n - +2 cloak {MR+}
rCorr    .         Harm     +   J - +0 pair of gloves
MR       +++..                  h - +2 pair of boots {run}
Stlth    ..........             Y - amulet of harm
HPRegen  0.69/turn              A - +5 ring of strength {=R}
MPRegen  0.19/turn              D - +3 ring of evasion

@: brilliant, lethally poisoned (-5 -> -10), berserk cooldown, slowed, very slow
A: small, mutation resistance 1
a: Heroism, Finesse, Renounce Religion


You were on level 1 of the Snake Pit.
You worshipped Okawaru.
Okawaru was extremely pleased with you.
You were not hungry.

You visited 6 branches of the dungeon, and saw 26 of its levels.
You also visited: Sewer, Bailey and Volcano.

You collected 2695 gold pieces.
You spent 2480 gold pieces at shops.

Inventory:

Hand Weapons
 a - a +4 fustibalus of flaming
 b - the +10 spear "Zaschur" {venom, Int+4}
   (You found it on level 6 of the Dungeon)

   It poisons the flesh of those it strikes.
   It affects your intelligence (+4).
 u - a +0 short sword of draining (weapon)
Missiles
 v - 3 throwing nets {=f}
 O - 488 stones
 Q - 3 curare-tipped darts (quivered) {=f}
 U - 67 sling bullets
Armour
 h - a +2 pair of boots of running (worn)
 l - the +9 plate armour of the Swamp (worn) {*Drain rF++ Regen+ Int+4}
   (You bought it in a shop on level 2 of the Orcish Mines)

   It affects your intelligence (+4).
   It greatly protects you from fire.
   It increases your rate of regeneration.
   It causes draining when unequipped.
 n - a +2 cloak of magic resistance (worn)
 t - a +1 shield of positive energy (worn)
 w - a +0 cloak of fire resistance
 G - a +2 hat of magic resistance (worn)
 J - a +0 pair of gloves (worn)
 S - the +1 ring mail of Dithmenos's Regard {rF+ Regen+ Int-5 Dex+2}
   (You found it on level 3 of the Lair of Beasts)

   It affects your intelligence (-5).
   It affects your dexterity (+2).
   It protects you from fire.
   It increases your rate of regeneration.
Jewellery
 c - an uncursed amulet of regeneration {unknown}
 p - an uncursed ring of protection from magic
 A - a +5 ring of strength (left hand) {=R}
 D - a +3 ring of evasion (right hand)
 L - an uncursed ring of resist corrosion
 Y - an amulet of harm (around neck)
Wands
 d - a wand of digging (4)
 e - a wand of enslavement (7)
 f - a wand of flame (69)
 k - a wand of iceblast (6)
 s - a wand of disintegration (35)
 x - a wand of random effects (15)
 P - a wand of polymorph (9)
Scrolls
 i - 6 scrolls of identify
 m - a scroll of magic mapping
 B - 2 scrolls of blinking
 C - 18 scrolls of remove curse
 E - a scroll of fear
 F - a scroll of fog
 T - 9 scrolls of teleportation
 V - 2 scrolls of vulnerability
Potions
 j - a potion of mutation {unknown}
 o - 2 potions of ambrosia
 q - 5 potions of curing
 z - 6 potions of brilliance
 H - a potion of haste {!q}
 I - a potion of invisibility {unknown}
 K - 2 potions of magic {!q}
 M - 5 potions of might
 N - 4 potions of cancellation {!q}
 R - 3 potions of resistance
 W - 9 potions of heal wounds {!q}
 X - 4 potions of flight
 Z - 2 potions of berserk rage {!q}
Miscellaneous
 g - a fan of gales
Comestibles
 r - 35 rations


   Skills:
 + Level 12.6 Fighting
 - Level 1.0 Short Blades
 - Level 1.0 Polearms
 - Level 15.0 Slings
 + Level 14.1 Armour
 - Level 12.0 Dodging
 - Level 2.1 Stealth
 + Level 10.5 Shields
 - Level 1.5 Spellcasting
 - Level 0.7 Conjurations
 - Level 3.0 Air Magic
 + Level 11.0 Invocations
 - Level 7.0 Evocations


You had 17 spell levels left.
You knew the following spells:

 Your Spells              Type           Power        Failure   Level  Hunger
k - Shock                 Conj/Air       ###.         24%         1    #......

Your spell library contained the following spells:

 Spells                   Type           Power        Failure   Level  Hunger
 Magic Dart               Conj           ###.         34%         1    #......
 Sting                    Conj/Pois      ###.         38%         1    #......
 Poisonous Vapours        Pois/Air       ###...       38%         2    ###....
 Swiftness                Chrm/Air       ###.....     38%         2    ###....
 Beastly Appendage        Tmut           ##....       43%         1    #......
 Infusion                 Chrm           ##..         43%         1    #......
 Searing Ray              Conj           ###...       47%         2    ###....
 Static Discharge         Conj/Air       ###.....     52%         3    ###....
 Shroud of Golubria       Chrm/Tloc      ##....       56%         2    ###....
 Song of Slaying          Chrm           ##......     56%         2    ###....
 Sticks to Snakes         Tmut           ##......     56%         2    ###....
 Mephitic Cloud           Conj/Pois/Air  ###.....     61%         3    ###....
 Dazzling Spray           Conj/Hex       ###...       71%         3    ###....
 Airstrike                Air            ####......   75%         4    #####..
 Regeneration             Chrm/Necr      ##........   77%         3    ###....
 Spectral Weapon          Hex/Chrm       ##......     77%         3    ###....
 Spider Form              Tmut/Pois      ##........   77%         3    ###....
 Summon Lightning Spire   Summ/Air       ###.....     89%         4    #####..
 Iskenderun's Mystic Bla  Conj           ###.....     95%         4    #####..
 Force Lance              Conj/Tloc      ###.....     96%         4    #####..
 Fulminant Prism          Conj/Hex       ###.......   96%         4    #####..
 Animate Dead             Necr           N/A          98%         4    #####..
 Ice Form                 Ice/Tmut       ##......     98%         4    #####..
 Leda's Liquefaction      Hex/Erth       ##........   98%         4    #####..
 Olgreb's Toxic Radiance  Pois           ##......     98%         4    #####..
 Lightning Bolt           Conj/Air       ###.......   99%         5    ######.
 Silence                  Hex/Air        ###.......   99%         5    ######.
 Blade Hands              Tmut           ##........   100%        5    ######.
 Venom Bolt               Conj/Pois      ###.......   100%        5    ######.
 Conjure Ball Lightning   Conj/Air       ###.......   100%        6    #######
 Deflect Missiles         Chrm/Air       ###.......   100%        6    #######
 Tornado                  Air            ####......   100%        9    #######


Dungeon Overview and Level Annotations

Branches:
Dungeon (15/15)            Temple (1/1) D:7            Lair (6/6) D:10
  Swamp (1/4) Lair:4        Snake (1/4) Lair:4        Slime (0/5) Lair:5
    Orc (2/2) D:9             Elf (0/3) Orc:2        Vaults (0/5) D:13
 Depths (0/5) D:15          Sewer (visited)          Bailey (visited)
Volcano (visited)

Altars:
Ashenzari
Cheibriados
Dithmenos
Elyvilon
Gozag
Hepliaklqana
Kikubaaqudgha
Makhleb
Nemelex Xobeh
Okawaru
Qazlal
Ru
Sif Muna
Trog
Uskayaw
Vehumet
Wu Jian
Xom
Yredelemnul
Zin
Beogh

Shops:
D:4 :%:   D:5 *   D:13 ?   Orc:2 :*[((?%(


Innate Abilities, Weirdness & Mutations

You are small and have problems with some larger weapons.
You are somewhat resistant to further mutation.


Message History

The naga warrior hits you but does no damage.
The naga ritualist spits poison at you. The splash of poison misses you.
The splash of poison hits the salamander but does no damage.
The naga closely misses you. The naga constricts you.
Evoke which item? (* to show all) (? for menu, Esc to quit)
Aiming: Iceblast
Press: ? - help, Shift-Dir - straight line The mass of ice explodes!
The iceblast engulfs the naga ritualist!!
The naga ritualist explodes!
The fiery explosion engulfs you! You resist.
* * * LOW HITPOINT WARNING * * *
The fiery explosion engulfs the salamander.
The salamander completely resists.
The salamander is severely wounded.
The fiery explosion engulfs the naga!!
The naga explodes!
The fiery explosion engulfs you. You resist.
You die...

.. ..###..
#.#.#....#
#........#
#}..°...#.
##.)))# ...
#.°<.##.%.#
##°.)%N....#
##..)§§°.....
#..N)@§N.###.
..%...#§§S.#
..%...#NN§.#
###N..#.###%.
.......% .%.#
..#.. ... ..#
.... ##. ##
.#


You could see a naga warrior (inner flame), 2 salamanders, a shock serpent
(inner flame), a naga mage and 2 nagas.

Vanquished Creatures
  Jorgrun (Orc:1)
  Gastronok (D:9)
  Kirke (Lair:6)
  An orc warlord (Orc:2)
  Nessos (D:15)
  An ettin (Orc:2)
  A naga warrior (Snake:1)
  Harold (Lair:1)
  6 hydras
  4 centaur warriors
  2 ogre magi (Orc:2)
  A catoblepas (Lair:6)
  A merfolk avatar (Lair:6)
  2 alligators (Swamp:1)
  12 two-headed ogres
  A tengu warrior (D:15)
  Nergalle (Orc:1)
  A fire crab (Volcano)
  3 skeletal warriors (D:15)
  2 deep trolls (Orc:2)
  An unseen horror (D:12)
  A sea snake (Lair:6)
  A swamp dragon (Swamp:1)
  2 lindwurms
  Pikel (D:6)
  2 orc knights
  A wizard (D:13)
  An oklob plant (Lair:4)
  3 orc sorcerers
  13 ugly things
  5 cyclopes
  A deep elf mage (D:13)
  3 manticores
  A manticore (shapeshifter) (D:15)
  19 elephants
  A guardian serpent (Snake:1)
  3 torpor snails (Lair:2)
  4 black mambas
  2 naga magi (Snake:1)
  A gargoyle (D:12)
  9 spiny frogs
  Joseph (D:7)
  6 rime drakes
  A yaktaur (shapeshifter) (D:15)
  An efreet (D:13)
  8 komodo dragons
  A polar bear (shapeshifter) (D:15)
  14 trolls
  A wind drake (Lair:6)
  2 tyrant leeches (Swamp:1)
  Grinder (D:6)
  3 hornets
  6 polar bears
  10 blink frogs
  A harpy skeleton (D:15)
  2 bog bodies (Swamp:1)
  6 slime creatures
  6 dream sheep (Lair:4)
  4 hippogriffs
  2 shadows
  A redback (shapeshifter) (D:15)
  2 tarantellas (shapeshifter) (D:15)
  2 wraiths
  3 wyverns
  42 yaks
  A yak (shapeshifter) (D:15)
  7 fire bats (Volcano)
  A basilisk (Lair:6)
  8 hogs
  A human (D:7)
  5 hungry ghosts
  A steam dragon (Volcano)
  5 swamp worms
  3 wargs
  4 vampire mosquitoes (Swamp:1)
  6 nagas
  A soldier ant (D:13)
  3 hell hounds (Volcano)
  13 water moccasins
  A swamp drake (Swamp:1)
  13 porcupines
  4 ice beasts
  15 orc warriors
  A slave (D:6)
  A black bear (Lair:4)
  An eye of draining (D:11)
  2 phantoms
  4 sky beasts
  2 necrophages
  22 ogres
  4 boggarts (D:15)
  15 wolves
  12 centaurs
  16 crocodiles
  2 big kobolds
  15 bullfrogs
  2 wyvern skeletons
  3 scorpions
  3 killer bees (D:9)
  21 wights
  8 electric eels
  4 howler monkeys
  11 crimson imps
  2 bullfrog zombies
  3 centaur zombies
  8 jellies
  7 centaur skeletons
  A hound (D:14)
  A quasit (D:5)
  13 orc priests
  12 orc wizards
  3 bullfrog skeletons
  7 iguanas
  7 worker ants
  A hound zombie (D:9)
  2 hound skeletons
  A howler monkey zombie (D:9)
  A worker ant zombie (D:8)
  7 gnolls
  8 adders
  3 shadow imps
  An adder zombie (D:7)
  An ooze (D:6)
  2 adder skeletons (D:5)
  2 worms
  3 dart slugs
  6 leopard geckos
  73 orcs
  6 ball pythons
  8 giant cockroaches
  10 hobgoblins
  9 jackals
  26 kobolds
  2 quokkas
  7 bats
  6 frilled lizards
  10 goblins
  11 rats
  A fungus (Lair:3)
  3 plants
760 creatures vanquished.

Vanquished Creatures (collateral kills)
  2 wights (D:15)
2 creatures vanquished.

Vanquished Creatures (others)
  2 humans (Lair:6)
  5 fungi (Lair:6)
  19 plants
26 creatures vanquished.

Grand Total: 788 creatures vanquished

Notes
Turn   | Place    | Note
-------+----------+-------------------------------------------
     0 | D:1      | Ge0ff the Halfling Air Elementalist began the quest for the
                  | Orb.
     0 | D:1      | Reached XP level 1. HP: 11/11 MP: 3/3
   253 | D:1      | Noticed a swamp drake
   253 | D:1      | Noticed a water moccasin
   253 | D:1      | Noticed a killer bee
   264 | D:1      | Reached skill level 1 in Fighting
   334 | D:1      | Reached XP level 2. HP: 18/18 MP: 0/4
  1005 | D:1      | Reached skill level 1 in Short Blades
  1072 | D:1      | Reached XP level 3. HP: 24/24 MP: 2/5
  1679 | D:2      | Reached skill level 1 in Slings
  2069 | D:2      | Reached XP level 4. HP: 30/30 MP: 6/6
  2110 | D:2      | Reached skill level 2 in Slings
  2790 | D:3      | Reached skill level 1 in Armour
  2895 | D:3      | Reached skill level 3 in Slings
  2895 | D:3      | Reached skill level 1 in Shields
  2895 | D:3      | Reached XP level 5. HP: 25/35 MP: 7/7
  3597 | D:3      | Found an opulent altar of Gozag.
  3611 | D:3      | Reached skill level 4 in Slings
  3739 | D:4      | Reached XP level 6. HP: 30/41 MP: 8/8
  4017 | D:4      | Reached skill level 5 in Slings
  4216 | D:4      | Found Ixootaopt's Food Boutique.
  4549 | D:4      | Found Geuhe's Book Boutique.
  4803 | D:4      | Found Castruxu's Book Boutique.
  4981 | D:5      | Entered Level 5 of the Dungeon
  4997 | D:5      | Reached XP level 7. HP: 46/46 MP: 9/9
  5121 | D:5      | Reached skill level 6 in Slings
  5245 | D:5      | Found a glowing drain.
  5299 | Sewer    | Entered a sewer
  6058 | Sewer    | Reached skill level 7 in Slings
  6774 | D:5      | Found Xeaguz's General Store.
  6909 | D:5      | Bought a potion of heal wounds for 65 gold pieces
  6909 | D:5      | Bought a +2 hunting sling of freezing for 191 gold pieces
  7223 | D:5      | Reached XP level 8. HP: 54/54 MP: 10/10
  7549 | D:6      | Reached skill level 8 in Slings
  7788 | D:6      | Got a brightly glowing spear
  7789 | D:6      | Identified the +10 spear "Zaschur" {venom, Int+4} (You
                  | found it on level 6 of the Dungeon)
  7899 | D:6      | Noticed Grinder
  7913 | D:6      | Paralysed by Grinder for 2 turns
  7926 | D:6      | Killed Grinder
  8092 | D:6      | Reached skill level 1 in Polearms
  8200 | D:6      | Reached skill level 9 in Slings
  8219 | D:6      | Noticed Pikel
  8236 | D:6      | Killed Pikel
  8236 | D:6      | Reached skill level 5 in Fighting
  8236 | D:6      | Reached skill level 10 in Slings
  8236 | D:6      | Reached XP level 9. HP: 46/61 MP: 11/11
  8636 | D:7      | Found an opulent altar of Gozag.
  8687 | D:7      | Found a flagged portal.
  8711 | D:7      | Found a staircase to the Ecumenical Temple.
  8719 | Temple   | Entered the Ecumenical Temple
  8757 | Temple   | Became a worshipper of Warmaster Okawaru
  8805 | Bailey   | Entered a bailey
  8826 | Bailey   | Noticed an orc knight
  8833 | Bailey   | Noticed an orc knight
  8858 | D:7      | Killed an orc knight
  8858 | D:7      | Reached skill level 11 in Slings
  8858 | D:7      | Reached skill level 5 in Armour
  8883 | D:7      | Noticed Joseph
  9320 | D:7      | Reached * piety under Okawaru
  9405 | D:7      | Killed Joseph
  9405 | D:7      | Reached skill level 12 in Slings
  9405 | D:7      | Reached skill level 1 in Invocations
  9573 | D:7      | Reached XP level 10. HP: 68/68 MP: 12/12
  9751 | D:7      | Reached ** piety under Okawaru
 10712 | D:8      | Reached *** piety under Okawaru
 10784 | D:8      | Got a warped leather armour
 10795 | D:8      | Identified the +0 leather armour "Feclyiso" {Str+2} (You
                  | found it on level 8 of the Dungeon)
 10959 | D:8      | Reached skill level 5 in Dodging
 11059 | D:8      | Reached skill level 5 in Shields
 11643 | D:9      | Reached XP level 11. HP: 75/75 MP: 14/14
 11979 | D:9      | Found a staircase to the Orcish Mines.
 12289 | D:9      | Noticed Gastronok
 12332 | D:9      | Killed Gastronok
 12332 | D:9      | Received a gift from Okawaru
 12332 | D:9      | Reached skill level 5 in Invocations
 12752 | D:10     | Entered Level 10 of the Dungeon
 13162 | D:10     | Reached **** piety under Okawaru
 13237 | D:10     | Received a gift from Okawaru
 13863 | D:10     | Found a staircase to the Lair.
 14247 | D:11     | Received a gift from Okawaru
 14552 | D:11     | Noticed a manticore
 14574 | D:11     | Killed a manticore
 14743 | D:11     | Reached XP level 12. HP: 75/82 MP: 16/16
 14852 | D:11     | Noticed a two-headed ogre
 14869 | D:11     | Killed a two-headed ogre
 14869 | D:11     | Reached skill level 13 in Slings
 15537 | D:11     | Reached ***** piety under Okawaru
 15801 | Lair:1   | Entered Level 1 of the Lair of Beasts
 15903 | Lair:1   | Noticed Harold
 15935 | Lair:1   | Killed Harold
 16130 | Lair:1   | Got a jewelled spear
 16175 | Lair:1   | Identified the +8 spear of the Fifty Beds {elec, Fragile
                  | rF+ Int+3} (You found it on level 1 of the Lair of Beasts)
 16527 | Lair:1   | Found a glowing silver altar of Zin.
 17205 | Lair:2   | Received a gift from Okawaru
 17314 | Lair:2   | Received a gift from Okawaru
 17314 | Lair:2   | Reached skill level 5 in Evocations
 17639 | Lair:2   | Found a snail-covered altar of Cheibriados.
 18263 | Lair:3   | Reached XP level 13. HP: 89/89 MP: 18/18
 18287 | Lair:3   | Reached skill level 14 in Slings
 18390 | Lair:3   | Got a jade-encrusted ring mail
 18424 | Lair:3   | Identified the +1 ring mail of Dithmenos's Regard {rF+
                  | Regen+ Int-5 Dex+2} (You found it on level 3 of the Lair of
                  | Beasts)
 18663 | Lair:3   | Received a gift from Okawaru
 18938 | Lair:3   | Found a white marble altar of Elyvilon.
 19101 | Lair:3   | Received a gift from Okawaru
 19119 | Lair:3   | Reached skill level 10 in Armour
 20227 | Lair:4   | Found a staircase to the Snake Pit.
 20329 | Lair:4   | Identified Spellweaving, Part Four
 20713 | Lair:4   | Received a gift from Okawaru
 21287 | Lair:4   | Noticed a six-headed hydra
 21297 | Lair:4   | Killed a six-headed hydra
 21297 | Lair:4   | Reached skill level 15 in Slings
 21493 | Lair:4   | Noticed a four-headed hydra
 21505 | Lair:4   | Killed a four-headed hydra
 21560 | Lair:4   | Found a staircase to the Swamp.
 21771 | Lair:5   | Found a dark tunnel.
 21776 | Volcano  | Entered a volcano
 21794 | Volcano  | Reached XP level 14. HP: 98/98 MP: 19/19
 22064 | Volcano  | Reached skill level 10 in Fighting
 22078 | Volcano  | Reached skill level 10 in Dodging
 22787 | Lair:5   | Found a staircase to the Slime Pits.
 22927 | Lair:5   | Received a gift from Okawaru
 23311 | Lair:6   | Entered Level 6 of the Lair of Beasts
 23625 | Lair:6   | Noticed Kirke
 23646 | Lair:6   | Killed Kirke
 24660 | Lair:6   | Identified a scroll of acquirement
 25036 | Lair:6   | Reached XP level 15. HP: 106/106 MP: 20/20
 25112 | Lair:6   | Received a gift from Okawaru
 25659 | Orc:1    | Entered Level 1 of the Orcish Mines
 25702 | Orc:1    | Noticed Jorgrun
 25715 | Orc:1    | Killed Jorgrun
 25852 | Orc:2    | Entered Level 2 of the Orcish Mines
 25852 | Orc:2    | Found Fidiewash's Weapon Shop.
 25852 | Orc:2    | Found Naamuil's Weapon Boutique.
 25852 | Orc:2    | Noticed an orc warlord
 25910 | Orc:2    | Killed an orc warlord
 25962 | Orc:2    | Received a gift from Okawaru
 26010 | Orc:2    | Received a gift from Okawaru
 26109 | Orc:2    | Received a gift from Okawaru
 26137 | Orc:2    | Identified a +0 pair of boots of running (Okawaru gifted it
                  | to you on level 2 of the Orcish Mines)
 26275 | Orc:2    | Found Etosuax's Assorted Antiques.
 26275 | Orc:2    | Found Qyih's Armour Boutique.
 26309 | Orc:2    | Found Zeukec's Book Shop.
 26315 | Orc:2    | Bought a warped plate armour for 868 gold pieces
 26315 | Orc:2    | Bought a wand of disintegration (16) for 124 gold pieces
 26325 | Orc:2    | Identified the +9 plate armour of the Swamp {*Drain rF++
                  | Regen+ Int+4} (You bought it in a shop on level 2 of the
                  | Orcish Mines)
 26489 | Orc:2    | Found a staircase to the Elven Halls.
 26607 | Orc:2    | Found a roughly hewn altar of Beogh.
 26681 | Orc:2    | Found Qorihuul's Magic Scroll Shoppe.
 26755 | Orc:2    | Found Dyaninlo's Weapon Shoppe.
 26816 | Orc:2    | Bought a scroll of fog for 34 gold pieces
 26816 | Orc:2    | Bought a scroll of blinking for 127 gold pieces
 26852 | Orc:2    | Found Getremen's Food Shoppe.
 27194 | Orc:1    | Noticed Nergalle
 27206 | Orc:1    | Killed Nergalle
 27424 | Orc:1    | Found a shimmering altar of Xom.
 27724 | D:12     | You fall into a shaft and drop 3 floors!
 27724 | D:15     | Entered Level 15 of the Dungeon
 28204 | D:15     | Reached XP level 16. HP: 114/114 MP: 23/23
 28621 | D:15     | Noticed Nessos
 28627 | D:15     | Killed Nessos
 28849 | D:15     | Reached skill level 10 in Invocations
 28898 | D:15     | Found a staircase to the Depths.
 30251 | D:13     | Found Jiatwo's Magic Scroll Shop.
 30259 | D:13     | Bought a scroll of acquirement for 936 gold pieces
 30262 | D:13     | Got a polished hunting sling
 30263 | D:13     | Identified the +2 hunting sling "Killer Bee's Peril"
                  | {velocity, rN+} (You acquired it on level 13 of the
                  | Dungeon)
 30265 | D:13     | Bought a scroll of enchant weapon for 135 gold pieces
 30434 | D:13     | Received a gift from Okawaru
 30435 | D:13     | Found the +7 Kryia's mail coat {PotionHeal*2 rC+}
 31105 | D:13     | Found a gate to the Vaults.
 31115 | D:13     | Reached skill level 10 in Shields
 32079 | Swamp:1  | Entered Level 1 of the Swamp
 32945 | Snake:1  | Entered Level 1 of the Snake Pit
 32969 | Snake:1  | HP: 2/116 [naga ritualist/exploding inner flame[the player
                  | character] (8)]
 32969 | Snake:1  | Killed from afar by a naga

Levels and vault maps discovered:
D:1:      onia_arrival_zoo_common, layout_basic
D:2:      layout_basic, serial_curves, eino_curves_03, eino_curves_01
D:3:      layout_basic, overflow_temple_1_default, minmay_quadrilaterals
D:4:      layout_basic, serial_shops, shop, nicolae_shop_waterfront, shop
D:5:      layout_loops_ring, serial_shops, nicolae_shop_crystal, first_ration,
          portal_sewer_entry_a
D:6:      layout_loops_ring, uniq_pikel, uniq_grinder
D:7:      layout_cave_pools, minmay_temple_entry_hall, enter_bailey_2,
          grunt_livestock, grunt_gozag_statues, uniq_joseph
D:8:      layout_basic
D:9:      layout_roguey, hiddenorc2_lemuel, uniq_gastronok
D:10:     layout_stronghold, grunt_lair_entry_orc_guard_hut
D:11:     layout_long_grid, serial_bayou_lagoon_a
D:12:     layout_cave_pools
D:13:     layout_stronghold, david_vaults_1, serial_shops,
          nicolae_shop_temple_entry_statues_fountains
D:14:     layout_cave_pods, kennysheep_boxes
D:15:     gammafunk_enter_depths_forms, layout_long_grid, nicolae_two_hexagons,
          uniq_nessos
Temple:   compressed_dpeg_triangle_lava_temple
Lair:1:   layout_cave_pods, basic_altar, chequers_serial_rivers_micro_c,
          lemuel_fruit_fields, grunt_megastairs_4, uniq_harold
Lair:2:   layout_hall_layers, kennysheep_snail_temple, infiniplex_staircase_pool
Lair:3:   layout_long_grid, minivault_23, minivault_11,
          chequers_serial_rivers_small_3, lemuel_centaur_altar
Lair:4:   layout_roguey, palyth_hydra_swamp_entry, guppyfry_snake_entry_island,
          serial_bayou_pond_c
Lair:5:   layout_roguey, minmay_slime_entry_pillars, enter_volcano_4,
          nicolae_quartered_pool_super, grunt_megastairs_3
Lair:6:   gammafunk_lair_ancient_temple, layout_cave_pods, lemuel_fruit_tree,
          uniq_kirke
Swamp:1:  layout_basic_swamp, hangedman_swamp_blocks
Snake:1:  layout_misc_corridors, minmay_shop_grove
Orc:1:    layout_diamond_mine, basic_altar, uniq_nergalle, uniq_jorgrun
Orc:2:    st_orc_open, layout_caves, serial_shops, nicolae_shop_crystal, shop,
          nicolae_shop_statue_plus, shop_fountains, basic_altar

Skill      XL: |  1  2  3  4  5  6  7  8  9 10 11 12 13 14 15 16 |
---------------+-------------------------------------------------+-----
Fighting       | 1 2 3 4 5 6 7 8 9 11 12 | 12.6
Short Blades   | 1 |  1.0
Slings         | 1 3 4 5 7 10 12 13 15 | 15.0
Armour         | 1 2 3 4 5 6 8 9 10 12 13 14 | 14.1
Shields        | 1 3 5 6 8 10 | 10.5
Polearms       | 1 |  1.0
Dodging        | 3 5 6 8 9 11 12 | 12.0
Invocations    | 1 4 6 7 9 11 | 11.0
Evocations     | 3 5 7 |  7.0
Stealth        | |  2.1
Spellcasting   | |  1.5
Conjurations   | |  0.7
Air Magic      | |  3.0

Action                   |  1- 3 |  4- 6 |  7- 9 | 10-12 | 13-15 | 16-18 || total
-------------------------+-------+-------+-------+-------+-------+-------++-------
Melee: Unarmed           |     6 |       |       |       |       |       ||     6
       Dagger            |    13 |       |    90 |       |       |       ||   103
       Whip              |     1 |       |       |       |       |       ||     1
       Spear             |       |       |     7 |       |    15 |    19 ||    41
       Short sword       |       |       |       |       |    61 |     4 ||    65
 Fire: Hunting sling     |    42 |   259 |   374 |   949 |       |       ||  1624
       Fustibalus        |       |       |       |    48 |  1343 |   481 ||  1872
Throw: Stone             |     8 |       |       |       |       |       ||     8
       Dart              |       |     1 |       |       |       |       ||     1
 Cast: Shock             |    44 |       |       |       |       |       ||    44
Invok: Heroism           |       |       |     1 |     6 |     3 |       ||    10
       Finesse           |       |       |       |     1 |     7 |     4 ||    12
Evoke: Wand              |       |       |       |    11 |       |     6 ||    17
  Use: Scroll            |     3 |     6 |     7 |     9 |     9 |    14 ||    48
       Potion            |       |     4 |     3 |     2 |     2 |     5 ||    16
 Stab: Sleeping          |     1 |       |       |       |       |       ||     1
  Eat: Chunk             |     5 |     7 |     4 |    17 |    22 |    10 ||    65
       Ration            |       |       |     3 |     3 |     2 |     1 ||     9
Armor: Robe              |     9 |       |       |       |       |       ||     9
       Scale mail        |     1 |    22 |       |       |       |       ||    23
       Chain mail        |       |    34 |    65 |    28 |    83 |       ||   210
       Skin              |       |       |     1 |       |       |       ||     1
       Plate armour      |       |       |       |    41 |    57 |   128 ||   226
Dodge: Dodged            |    38 |    43 |    50 |   136 |   320 |   115 ||   702
Block: Buckler           |     1 |    24 |    40 |    59 |   111 |       ||   235
       Shield            |       |       |       |       |   102 |   156 ||   258

Levels and vault maps discovered:
D:1:      onia_arrival_zoo_common, layout_basic
D:2:      layout_basic, serial_curves, eino_curves_03, eino_curves_01
D:3:      layout_basic, overflow_temple_1_default, minmay_quadrilaterals
D:4:      layout_basic, serial_shops, shop, nicolae_shop_waterfront, shop
D:5:      layout_loops_ring, serial_shops, nicolae_shop_crystal, first_ration,
          portal_sewer_entry_a
D:6:      layout_loops_ring, uniq_pikel, uniq_grinder
D:7:      layout_cave_pools, minmay_temple_entry_hall, enter_bailey_2,
          grunt_livestock, grunt_gozag_statues, uniq_joseph
D:8:      layout_basic
D:9:      layout_roguey, hiddenorc2_lemuel, uniq_gastronok
D:10:     layout_stronghold, grunt_lair_entry_orc_guard_hut
D:11:     layout_long_grid, serial_bayou_lagoon_a
D:12:     layout_cave_pools
D:13:     layout_stronghold, david_vaults_1, serial_shops,
          nicolae_shop_temple_entry_statues_fountains
D:14:     layout_cave_pods, kennysheep_boxes
D:15:     gammafunk_enter_depths_forms, layout_long_grid, nicolae_two_hexagons,
          uniq_nessos
Temple:   compressed_dpeg_triangle_lava_temple
Lair:1:   layout_cave_pods, basic_altar, chequers_serial_rivers_micro_c,
          lemuel_fruit_fields, grunt_megastairs_4, uniq_harold
Lair:2:   layout_hall_layers, kennysheep_snail_temple, infiniplex_staircase_pool
Lair:3:   layout_long_grid, minivault_23, minivault_11,
          chequers_serial_rivers_small_3, lemuel_centaur_altar
Lair:4:   layout_roguey, palyth_hydra_swamp_entry, guppyfry_snake_entry_island,
          serial_bayou_pond_c
Lair:5:   layout_roguey, minmay_slime_entry_pillars, enter_volcano_4,
          nicolae_quartered_pool_super, grunt_megastairs_3
Lair:6:   gammafunk_lair_ancient_temple, layout_cave_pods, lemuel_fruit_tree,
          uniq_kirke
Swamp:1:  layout_basic_swamp, hangedman_swamp_blocks
Snake:1:  layout_misc_corridors, minmay_shop_grove
Orc:1:    layout_diamond_mine, basic_altar, uniq_nergalle, uniq_jorgrun
Orc:2:    st_orc_open, layout_caves, serial_shops, nicolae_shop_crystal, shop,
          nicolae_shop_statue_plus, shop_fountains, basic_altar
